 Dungeon Crawl Stone Soup version 0.32-a0-329-ge6c31236d6 (webtiles) character file.

Game seed: 1017785064504150446

226295 croobank the Spry (level 18, -8/104 HPs)
             Began as a Felid Summoner on Feb 16, 2024.
             Was an Initiate of Gozag.
             Mangled by a merfolk impaler
             ... wielding a +1 trident of freezing
              (17 damage)
             ... on level 4 of the Shoals.
             The game lasted 03:32:41 (66168 turns).

croobank the Spry (Felid Summoner)                 Turns: 66168, Time: 03:32:42

Health: -8/104     AC:  3    Str:  4    XL:     18   Next: 64%
Magic:  35/38      EV: 34    Int: 33    God:    Gozag
Gold:   4181       SH:  5    Dex: 20    Spells: 20/48 levels left
                                        Lives:  0   Deaths: 5

rFire   + + .        (weapon unavailable)
rCold   + . .        (shield unavailable)
rNeg    . . .        (body armour unavailable)
rPois   .            (helmet unavailable)
rElec   .            (cloak unavailable)
rCorr   .            (gloves unavailable)
SInv    +            (boots unavailable)
Will    ++...        Q - amulet of reflection
Stlth   +++++        X - ring of Moderation {Wiz rF++ Dex+3}
HPRegen 0.37/turn    n - +6 ring of intelligence
MPRegen 0.26/turn

%: reflection, wizardry (x1)
@: no status effects
A: very small, claws 1, fangs 3, see invisible, shaggy fur 3, stealthy paws, no
weapons or thrown items, no armour, multi-lived
}: 1/15 runes: serpentine
a: Renounce Religion, Potion Petition, Call Merchant, Bribe Branch


You were on level 4 of the Shoals.
You worshipped Gozag.
Gozag was most pleased with you.
You visited 6 branches of the dungeon, and saw 31 of its levels.
You visited 1 bazaar.

You collected 10058 gold pieces.
You spent 3215 gold pieces at shops.
You paid 2662 gold pieces to Gozag.

Inventory:

Hand Weapons
 O - a +0 whip of electrocution
Jewellery
 b - a ring of poison resistance
 g - a +6 ring of strength
 h - the ring of Thoughtfulness {rF+ Will+ Str+5}
   (You bought it in a shop in a bazaar)

   [ring of willpower]

   Str+5:     It affects your strength (+5).
   rF+:       It protects you from fire.
   Will+:     It increases your willpower.
 j - a ring of protection from fire
 l - a ring of flight
 n - a +6 ring of intelligence (right paw)
 v - a ring of resist corrosion
 z - an amulet of guardian spirit
 Q - an amulet of reflection (around neck)
 W - a +6 ring of strength
 X - the ring of Moderation (left paw) {Wiz rF++ Dex+3}
   (You found it on level 4 of the Shoals)

   [ring of wizardry]

   Wiz:       It improves your spell success rate.
   Dex+3:     It affects your dexterity (+3).
   rF++:      It greatly protects you from fire.
Talismans
 T - the serpent talisman of Defiance {Str+3 SInv}
   (You took it off Aizul on level 1 of the Snake Pit)

   [serpent talisman]

   Str+3:     It affects your strength (+3).
   SInv:      It lets you see invisible.
Wands
 d - a wand of quicksilver (43)
 s - a wand of polymorph (16)
 A - a wand of mindburst (27)
 C - a wand of roots (25)
 D - a wand of paralysis (27)
 R - a wand of digging (6)
Scrolls
 c - 2 scrolls of silence
 f - 5 scrolls of amnesia
 m - 2 scrolls of revelation
 q - 2 scrolls of fog
 t - 2 scrolls of immolation
 y - 16 scrolls of teleportation
 B - 7 scrolls of vulnerability
 H - 4 scrolls of poison
 I - a scroll of torment
 K - 2 scrolls of fear
 L - 15 scrolls of identify
 M - 7 scrolls of noise
Potions
 a - 8 potions of magic
 e - 6 potions of mutation
 i - 5 potions of attraction
 k - 10 potions of curing
 p - 6 potions of haste
 r - a potion of invisibility
 u - 6 potions of brilliance
 w - a potion of enlightenment
 E - 3 potions of lignification
 F - 2 potions of ambrosia
 G - a potion of cancellation
 P - a potion of berserk rage
 S - a potion of resistance
 V - a potion of might
Miscellaneous
 o - a tin of tremorstones (2/2)
 N - a phial of floods
 U - a lightning rod (4/4)


   Skills:
 - Level 15.0 Fighting
 - Level 19.0 Dodging
 - Level 10.0 Stealth
 + Level 15.6 Spellcasting
 + Level 16.6 Summonings
 - Level 16.0 Translocations
 - Level 5.0 Fire Magic
 - Level 7.0 Air Magic


You had 20 spell levels left.
You knew the following spells:

 Your Spells              Type           Power      Damage    Failure   Level
a - Summon Small Mammal   Summ           100%       N/A       0%          1
b - Call Imp              Summ           100%       N/A       0%          2
c - Call Canine Familiar  Summ           94%        N/A       0%          3
d - Summon Blazeheart Go  Fire/Summ      77%        N/A       1%          4
e - Summon Lightning Spi  Summ/Air       81%        N/A       1%          4
g - Summon Forest         Summ/Tloc      46%        N/A       1%          5
B - Blink                 Tloc           100%       N/A       0%          2
M - Malign Gateway        Summ/Tloc      46%        N/A       1%          7

Your spell library contained the following spells:

 Spells                   Type           Power      Damage    Failure   Level
 Lesser Beckoning         Tloc           100%       N/A       0%          2
 Gell's Gravitas          Tloc           92%        N/A       0%          3
 Teleport Other           Tloc           92%        N/A       0%          3
 Manifold Assault         Tloc           92%        N/A       0%          4
 Passage of Golubria      Tloc           92%        N/A       0%          4
 Sandblast                Erth           50%        2d12      1%          1
 Sting                    Conj/Alch      100%       1d9       1%          1
 Cigotuvi's Dreadful Rot  Necr/Alch/Air  82%        N/A       1%          2
 Jinxbite                 Hex            50%        N/A       1%          2
 Mercury Vapours          Alch/Air       96%        N/A       1%          2
 Momentum Strike          Conj/Tloc      100%       3d10      1%          2
 Fugue of the Fallen      Necr           25%        N/A       1%          3
 Mephitic Cloud           Conj/Alch/Air  41%        N/A       1%          3
 Ozocubu's Armour         Ice            25%        N/A       1%          3
 Passwall                 Erth           25%        N/A       1%          3
 Stone Arrow              Conj/Erth      50%        3d10      1%          3
 Tukima's Dance           Hex            25%        N/A       1%          3
 Volatile Blastmotes      Fire/Tloc      100%       2d18      1%          3
 Iskenderun's Mystic Bla  Conj/Tloc      68%        2d14      1%          4
 Vhi's Electric Charge    Tloc/Air       100%       N/A       1%          4
 Dispersal                Tloc           46%        N/A       1%          6
 Ignite Poison            Fire/Alch      42%        N/A       2%          4
 Sticky Flame             Fire/Alch      42%        2d8       2%          4
 Arcjolt                  Conj/Air       24%        1d34      4%          5
 Silence                  Hex/Air        24%        N/A       4%          5
 Brom's Barrelling Bould  Conj/Erth      25%        2d5       6%          4
 Fulminant Prism          Conj/Alch      12%        3d8       6%          4
 Olgreb's Toxic Radiance  Alch           25%        N/A       6%          4
 Fireball                 Conj/Fire      21%        3d10      6%          5
 Disjunction              Tloc           46%        N/A       6%          8
 Freezing Cloud           Conj/Ice/Air   20%        6-21      7%          5
 Plasma Beam              Fire/Air       30%        2x1d43    9%          6
 Metabolic Englaciation   Hex/Ice        12%        N/A       17%         5
 Yara's Violent Unravell  Hex/Alch       12%        3d7       17%         5
 Conjure Ball Lightning   Conj/Air       24%        3x3d7     24%         6
 Sculpt Simulacrum        Ice/Alch       12%        N/A       65%         6
 Enfeeble                 Hex            12%        N/A       99%         7
 Ozocubu's Refrigeration  Ice            12%        4d10      99%         7
 Ignition                 Fire           28%        3d9       99%         8
 Discord                  Hex            12%        N/A       100%        8
 Lehudib's Crystal Spear  Conj/Erth      12%        10d4      100%        8
 Animate Armour           Summ/Erth      Unusable   N/A       N/A         4
 Dimensional Bullseye     Hex/Tloc       Unusable   N/A       N/A         4

Dungeon Overview and Level Annotations

Branches:
Dungeon (15/15)            Temple (1/1) D:5            Lair (5/5) D:10
 Shoals (4/4) Lair:3        Snake (4/4) Lair:3        Slime (0/5) Lair:4
    Orc (2/2) D:11            Elf (0/3) Orc:2        Vaults (0/5) D:13
 Depths (0/4) D:15

Altars:
Ashenzari
Cheibriados
Dithmenos
Elyvilon
Fedhas
Gozag
Hepliaklqana
Kikubaaqudgha
Makhleb
Nemelex Xobeh
Okawaru
Qazlal
Ru
Sif Muna
Trog
Uskayaw
Vehumet
Wu Jian
Xom
Yredelemnul
Zin
The Shining One
Jiyva

Shops:
D:2 (   D:11 :   Orc:2 =:(*!   Lair:4 :   Snake:3 :

Portals:
Pandemonium: Orc:2
Trove: D:12 (give 7 scrolls of fog)


Innate Abilities, Weirdness & Mutations

You have sharp claws.
You have razor-sharp teeth.
You have supernaturally acute eyesight. (SInv)
Your thick and shaggy fur keeps you warm. (AC +3, rC+)
Your paws help you pounce on unaware monsters.
You are incapable of wielding weapons or throwing items.
You cannot wear armour.
You gain extra lives every three experience levels.


Message History

Moving in this stuff is going to be slow.
Things that are here:
a +0 robe; a +2 rapier of venom Your eldritch tentacle slaps the frost giant.
Your eldritch tentacle claws the frost giant!
The frost giant is engulfed in flames!!
Your eldritch tentacle slaps the frost giant but does no damage.
Your eldritch tentacle claws the frost giant!!
Your eldritch tentacle freezes the frost giant.
The frost giant resists.
Your eldritch tentacle slaps the frost giant but does no damage.
Your eldritch tentacle claws the frost giant!!
Your eldritch tentacle freezes the frost giant.
The frost giant resists.
The frost giant dies!
Your eldritch tentacle cannot move out of your way!
Things that are here:
a +0 spear; a +0 sling You now have 4181 gold pieces (gained 5).
Things that are here:
a +5 demon trident of freezing; a +0 robe You hear a distant and violent thrashing sound.
You enter the shallow water.
Moving in this stuff is going to be slow.
Casting: Malign Gateway (dangerous; 1% risk of failure)
Confirm with . or Enter, or press ? or * to list all spells.
A fiery spirit appears, bound in slag iron.
The merfolk impaler hits you from afar with a +1 trident of freezing!
The merfolk impaler freezes you.
The merfolk impaler hits you from afar with a +1 trident of freezing!!
The merfolk impaler freezes you. The merfolk impaler closely misses you.
Your blazeheart golem punches the merfolk impaler.
The merfolk impaler hits you from afar with a +1 trident of freezing!!
* * * LOW HITPOINT WARNING * * *
The merfolk impaler freezes you.
* * * LOW HITPOINT WARNING * * *
The merfolk impaler completely misses you.
The merfolk impaler hits you from afar with a +1 trident of freezing!
You die...
Your body crumbles into a pile of gold.

~~~~........~#.~#~#.##......).~~#
~~~~.........#~≈~=~≈###..))$..~~~
~~~~~.......##..#~#~##~....((...#
≈~~.........~#..~≈~~~##..).))[...
~~~~~.......###.###~##~..........
~~~~~~........### ###~~..........
~~~~~~........~####~~(~..........
~###~#~..........~~~~~~~.........
##*####...$.....@~~~~~~~~........
#,~~*,###........9m~~~~~~...$..~.
,,.≈,,,##........~~~~~~^~.....~~.
*C*t#.*#~.$.....~~~~~~~~~.....~~.
*≈m,m≈~##.$$....~~~~~~~~~....~~..
~,#~#m##.......~~~~~~~~~~~...~~~.
,,.≈t~~#......~~~~~~~~~~~~~..~~~~
#,,,#m.##....~~~~≈≈≈≈~~~~~~~~~~~~
#######.......~≈≈≈≈≈≈≈≈≈~~~~~~~~~


You could see a merfolk impaler (ally target) and a friendly blazeheart golem
(summoned).

Vanquished Creatures
  Rupert (Lair:4)
  A lich (D:13)
  A nagaraja (Snake:4)
  The ghost of Rogih the Severer, a journeyman MiFi of Okawaru (D:13)
  The ghost of olddryhag the Bludgeoner, a journeyman MDWn of Gozag (Lair:5)
  An ettin (D:13)
  A merfolk impaler (Shoals:4)
  Josephine (D:10)
  2 hydras
  A merfolk avatar (Shoals:2)
  3 anacondas
  A death yak (D:10)
  A merfolk aquamancer (Shoals:4)
  A boulder beetle (D:12)
  A two-headed ogre (D:10)
  A deep troll earth mage (D:13)
  A naga warrior (Snake:2)
  An orc high priest (Orc:2)
  Urug (Lair:2)
  A skeletal warrior (D:13)
  3 sea snakes
  An arcanist (D:15)
  A naga ritualist (Snake:2)
  2 orc knights
  A mana viper (Snake:2)
  A harpy (Shoals:4)
  A necromancer (D:15)
  3 ugly things
  An orc sorcerer (Orc:2)
  2 cyclopes
  A manticore (D:11)
  The ghost of rbyellow5 the Cudgeller, a novice OnWr (D:4)
  A centaur zombie (D:15)
  11 black mambas
  2 merfolk sirens (Shoals:4)
  10 elephants
  A gargoyle (D:12)
  An orange demon (Orc:2)
  5 cane toads
  A centaur skeleton (D:15)
  An unseen horror (D:11)
  A redback zombie (D:15)
  A tengu conjurer (D:12)
  A komodo dragon (Lair:4)
  A troll (D:10)
  A merfolk (Shoals:3)
  3 polar bears
  A snapping turtle (Shoals:3)
  2 blink frogs
  6 wraiths
  A water elemental (Shoals:4)
  A slime creature (D:15)
  12 yaks
  A basilisk (Lair:1)
  5 vampire mosquitoes (D:12)
  8 nagas
  An acid dragon (D:6)
  4 water moccasins
  5 orc warriors
  A sky beast (D:7)
  An ice beast (D:7)
  4 wolves
  2 boggarts (Lair:5)
  2 kobold brigands
  2 bullfrogs
  A wight (D:8)
  18 killer bees
  3 electric eels
  2 howler monkeys (D:10)
  A hound (D:4)
  A sleepcap (D:7)
  An iguana (D:5)
  2 orc wizards
  A gnoll (D:9)
  2 adders
  An ufetubus (D:6)
  A ribbon worm (D:3)
  A dart slug (D:3)
  13 orcs
  2 ball pythons
  A goblin (D:1)
  2 hobgoblins
  3 quokkas
  6 kobolds
  3 rats
  A snaplasher vine (Snake:3)
207 creatures vanquished.

Vanquished Creatures (collateral kills)
  Jorgrun (Snake:3)
  Mlioglotl (Shoals:2)
  A quicksilver dragon (Snake:4)
  Polyphemus (Shoals:3)
  2 krakens
  Aizul (Snake:1)
  4 nagarajas
  A deep elf sorcerer (Shoals:3)
  A frost giant (Shoals:4)
  A formless jellyfish (Shoals:4)
  The ghost of lucidstorm14 the Severer, a journeyman MiBe of Trog (Lair:3)
  A deep elf death mage (Shoals:3)
  4 merfolk impalers
  5 merfolk javelineers (Shoals:4)
  2 rakshasas (D:15)
  2 salamander tyrants
  2 hydras (Lair:5)
  3 catoblepae
  2 demonspawn (Orc:2)
  4 anacondas
  A vault guard (D:13)
  2 alligator snapping turtles (Shoals:3)
  3 boulder beetles
  An ogre mage (D:15)
  4 satyrs
  3 merfolk avatars
  3 centaur warriors
  6 two-headed ogres (D:15)
  A death knight (D:13)
  A merfolk aquamancer (Shoals:2)
  2 tengu warriors
  A deep troll shaman (Lair:5)
  6 naga warriors
  8 death yaks
  An occultist (D:15)
  5 shock serpents
  13 naga sharpshooters
  4 orc high priests (Orc:2)
  A deep elf knight (Shoals:3)
  A fire crab (D:13)
  3 skysharks (Shoals:1)
  A salamander mystic (Snake:3)
  A sun demon (Orc:2)
  The ghost of IdlyInterested the Trooper, a novice DsFi (D:6)
  2 nameless horrors
  13 mana vipers
  6 sea snakes
  A glowing orange brain (D:13)
  A deep elf archer (Shoals:3)
  2 naga ritualists
  An arcanist (D:14)
  3 lindwurms (Lair:5)
  18 harpies
  3 deep elf pyromancers
  2 deep elf zephyrmancers (Shoals:3)
  A necromancer (D:13)
  An oklob plant (Lair:1)
  The ghost of Azoth the Thaumaturge, a novice DEAE of Xom (D:8)
  5 orc knights
  16 fauns
  11 manticores
  8 orc sorcerers
  13 ugly things
  5 cyclopes
  14 salamanders
  11 merfolk sirens
  14 naga magi
  7 guardian serpents
  2 black mambas (shapeshifter)
  8 elephants
  2 kobold blastminers (Orc:2)
  24 black mambas
  5 water nymphs
  2 cane toads (shapeshifter)
  6 cane toads
  2 rust devils (Orc:2)
  A torpor snail (Lair:5)
  A centaur skeleton (D:15)
  A gargoyle (D:10)
  An unseen horror (D:11)
  2 kobold demonologists
  4 komodo dragons
  An efreet (D:14)
  A tengu conjurer (D:15)
  30 merfolk
  6 polar bears
  2 trolls
  Grinder (D:4)
  5 wind drakes
  A hornet (D:10)
  25 dream sheep
  30 blink frogs
  10 snapping turtles
  Prince Ribbit (Lair:2)
  A shadow (D:12)
  15 slime creatures (D:15)
  6 wyverns
  Eustachio (D:4)
  17 yaks
  3 spriggans (D:8)
  8 water elementals
  3 basilisks
  3 vampires
  2 wargs (Orc:1)
  A vampire mosquito (D:12)
  A wraith (D:13)
  2 steam dragons
  40 nagas
  An acid dragon (D:11)
  13 water moccasins
  A sky beast (D:7)
  An ice beast (D:5)
  2 black bears
  23 orc warriors
  14 wolves
  2 boggarts (Lair:5)
  5 centaurs (D:7)
  4 ogres
  A phantom (D:6)
  3 kobold brigands
  8 bullfrogs
  3 scorpions
  2 gnoll sergeants (D:6)
  4 wights
  A killer bee (shapeshifter) (D:15)
  12 killer bees
  3 howler monkeys
  A bombardier beetle (D:6)
  2 jellies
  28 orc priests
  A gnoll bouda (D:9)
  3 hounds
  3 iguanas (D:6)
  Natasha (thrice) (D:4)
  20 orc wizards
  6 hell rats (Lair:5)
  6 adders
  11 gnolls
  An ufetubus (D:6)
  The ghost of zenocrate the Sneak, a weakling OpDe (D:5)
  2 dart slugs
  65 orcs
  2 ball pythons
  5 endoplasms
  A giant cockroach (D:3)
  3 hobgoblins
  A quokka (D:3)
  3 bats
  3 frilled lizards
  6 goblins
  24 kobolds
  A rat (D:3)
  A snaplasher vine (D:14)
  10 tentacles
865 creatures vanquished.

Vanquished Creatures (others)
  138 eldritch tentacles
  A naga warrior (Snake:1)
  A sea snake (Shoals:3)
  A manticore (Shoals:4)
  An orc wizard (D:7)
  161 blazeheart cores
  11 snaplasher vines
  12 tentacles
326 creatures vanquished.

Grand Total: 1398 creatures vanquished

Notes
Turn   | Place    | Note
-------+----------+-------------------------------------------
     0 | D:1      | croobank the Felid Summoner began the quest for the Orb.
     0 | D:1      | Reached XP level 1. HP: 9/9 MP: 4/4
   208 | D:1      | Reached skill level 3 in Dodging
   208 | D:1      | Reached XP level 2. HP: 13/13 MP: 6/6
   234 | D:1      | Learned a level 2 spell: Call Imp
   410 | D:1      | Reached XP level 3. HP: 11/16 MP: 7/7
   447 | D:1      | Learned a level 3 spell: Call Canine Familiar
   968 | D:2      | Found Ygoimn's Weapon Shoppe.
  1779 | D:3      | Reached XP level 4. HP: 5/21 MP: 9/9
  1779 | D:3      | Gained a life (2 lives remaining)
  2056 | D:3      | Reached skill level 4 in Dodging
  2230 | D:3      | Reached XP level 5. HP: 24/24 MP: 10/10
  2256 | D:3      | Found a shimmering blue altar of Sif Muna.
  2647 | D:4      | Reached skill level 5 in Stealth
  2647 | D:4      | Reached skill level 5 in Summonings
  2744 | D:4      | Gained mutation: You are covered in thick fur. (AC +2)
                  | [Felid growth]
  2744 | D:4      | Reached XP level 6. HP: 28/28 MP: 12/12
  2998 | D:4      | Found a large runed translucent door.
  2998 | D:4      | Found a large runed translucent door.
  3006 | D:4      | Noticed rbyellow5's ghost (novice OnWr)
  3024 | D:4      | Learned a level 4 spell: Summon Blazeheart Golem
  3052 | D:4      | Killed rbyellow5's ghost
  3053 | D:4      | Reached skill level 5 in Dodging
  3053 | D:4      | Reached XP level 7. HP: 32/32 MP: 14/14
  3149 | D:4      | Noticed Natasha
  3158 | D:4      | Killed Natasha
  3215 | D:4      | Noticed Natasha
  3224 | D:4      | Killed Natasha
  3225 | D:4      | Reached skill level 6 in Dodging
  3326 | D:4      | Noticed Eustachio
  3329 | D:4      | Noticed Natasha
  3340 | D:4      | Killed Natasha
  3354 | D:4      | Killed Eustachio
  3413 | D:4      | Noticed Grinder
  3420 | D:4      | Killed Grinder
  3421 | D:4      | Reached XP level 8. HP: 36/36 MP: 16/16
  3534 | D:5      | Entered Level 5 of the Dungeon
  3590 | D:5      | Reached skill level 7 in Dodging
  3593 | D:5      | Reached skill level 5 in Spellcasting
  3657 | D:5      | Found a staircase to the Ecumenical Temple.
  3673 | D:5      | Identified the +1 robe of the Beastly God {rF+ rC+}
  3679 | D:5      | Found a runed translucent door.
  3680 | D:5      | Noticed zenocrate's ghost (weakling OpDe)
  3707 | D:5      | Killed zenocrate's ghost
  3777 | D:5      | Found a shimmering altar of Xom.
  3777 | D:5      | Found a blossoming altar of Fedhas.
  3780 | D:5      | Found a snail-covered altar of Cheibriados.
  3787 | D:5      | Found a burning altar of Makhleb.
  3790 | D:5      | Found a hazy altar of Hepliaklqana.
  3795 | D:5      | Found a shadowy altar of Dithmenos.
  3796 | D:5      | Found a broken altar of Ashenzari.
  4125 | D:6      | Learned a level 4 spell: Summon Lightning Spire
  4130 | D:6      | Found a transporter.
  4130 | D:6      | Noticed IdlyInterested's ghost (novice DsFi)
  4137 | D:6      | Reached skill level 1 in Fire Magic
  4137 | D:6      | Reached skill level 1 in Air Magic
  4424 | D:6      | Found a transporter.
  4504 | D:6      | Reached XP level 9. HP: 10/39 MP: 18/18
  4504 | D:6      | Slain by an iguana
  4504 | D:6      | Lost a life (1 life remaining)
  4863 | D:6      | Found a white marble altar of Elyvilon.
  4875 | D:6      | Reached skill level 8 in Dodging
  5208 | D:7      | Shot with an arrow by a centaur
  5208 | D:7      | Lost a life (0 lives remaining)
  5936 | D:7      | Found an ornate altar of the Wu Jian Council.
  6364 | D:7      | Found a burning altar of Makhleb.
  6569 | D:7      | Found a stormy altar of Qazlal.
  7096 | D:8      | Reached XP level 10. HP: 42/44 MP: 20/20
  7096 | D:8      | Gained a life (1 life remaining)
  7732 | D:8      | Reached skill level 9 in Dodging
  7745 | D:8      | Found a runed translucent door.
  7747 | D:8      | Noticed Azoth's ghost (novice DEAE)
  7748 | D:8      | Identified the +5 trident of the Enfolding Gods {pain,
                  | *Slow Str+3 Int+4 Dex+3}
  8808 | D:9      | Reached skill level 10 in Stealth
  8958 | D:9      | Reached skill level 5 in Air Magic
  8964 | D:9      | Reached skill level 1 in Fighting
  9505 | D:10     | Entered Level 10 of the Dungeon
  9505 | D:10     | Noticed a death yak
  9505 | D:10     | Noticed a death yak
  9505 | D:10     | Noticed Josephine
  9505 | D:10     | Noticed a gargoyle
  9505 | D:10     | Found a staircase to the Lair.
  9531 | D:10     | Reached skill level 5 in Fire Magic
  9533 | D:10     | Noticed a two-headed ogre
  9544 | D:10     | Killed a two-headed ogre
  9564 | D:10     | Killed a gargoyle
 10063 | D:10     | Killed Josephine
 10382 | D:10     | Killed a death yak
 10383 | D:10     | Reached skill level 10 in Dodging
 10383 | D:10     | Reached XP level 11. HP: 52/52 MP: 15/22
 10383 | D:10     | Gained a life (2 lives remaining)
 10558 | D:10     | Killed a death yak
 10691 | D:10     | Found a glowing silver altar of Zin.
 10862 | D:10     | Found a sparkling altar of Nemelex Xobeh.
 12130 | D:11     | Identified the +4 dagger "Vicruzuy" {heavy, rN+ Str+2}
 12207 | D:11     | Reached skill level 5 in Fighting
 13028 | D:11     | Found a staircase to the Orcish Mines.
 14223 | D:12     | Reached skill level 10 in Summonings
 14223 | D:12     | Gained mutation: Your thick and shaggy fur keeps you warm.
                  | (AC +3, rC+) [Felid growth]
 14223 | D:12     | Reached XP level 12. HP: 42/62 MP: 22/25
 14308 | D:12     | Found a portal to a secret trove of treasure.
 14535 | D:12     | Noticed a tengu warrior
 14544 | D:12     | Killed a tengu warrior
 14788 | D:12     | Noticed a boulder beetle
 14802 | D:12     | Killed a boulder beetle
 15111 | Lair:1   | Entered Level 1 of the Lair of Beasts
 15231 | Temple   | Entered the Ecumenical Temple
 15236 | Temple   | Became a worshipper of Gozag Ym Sagoz the Greedy
 16255 | Lair:2   | Noticed Prince Ribbit
 16276 | Lair:2   | Killed Prince Ribbit
 16443 | Lair:2   | Reached skill level 10 in Spellcasting
 16895 | Lair:2   | Noticed Urug
 16911 | Lair:2   | Killed Urug
 17602 | Lair:3   | Found a staircase to the Shoals.
 17609 | Lair:3   | Reached skill level 11 in Dodging
 17752 | Lair:3   | Reached XP level 13. HP: 70/70 MP: 14/28
 17876 | Lair:3   | Found a runed translucent door.
 17876 | Lair:3   | Noticed lucidstorm14's ghost (journeyman MiBe)
 18915 | Lair:3   | Killed by an exploding blazeheart core
 18915 | Lair:3   | Lost a life (1 life remaining)
 18977 | Lair:3   | Found a staircase to the Snake Pit.
 19370 | Lair:4   | Bought Ibraipso's Folio of the Warrior-Mage for 598 gold
                  | pieces
 19376 | Lair:4   | Learned a level 5 spell: Summon Forest
 19550 | Lair:4   | Reached skill level 12 in Dodging
 19550 | Lair:4   | Reached skill level 1 in Translocations
 19939 | Lair:4   | Noticed Rupert
 19955 | Lair:4   | Killed Rupert
 19976 | Lair:4   | Reached skill level 10 in Fighting
 20288 | Lair:4   | Found a staircase to the Slime Pits.
 20289 | Lair:4   | Found a viscous altar of Jiyva.
 20515 | Lair:4   | Reached skill level 5 in Translocations
 21120 | Lair:5   | Entered Level 5 of the Lair of Beasts
 22140 | Lair:5   | Found a runed translucent gate.
 22140 | Lair:5   | Found a runed translucent gate.
 22140 | Lair:5   | Found a runed translucent gate.
 22140 | Lair:5   | Noticed olddryhag's ghost (journeyman MDWn)
 22180 | Lair:5   | Killed olddryhag's ghost
 22181 | Lair:5   | Reached XP level 14. HP: 55/77 MP: 3/30
 22181 | Lair:5   | Gained a life (2 lives remaining)
 22700 | Lair:4   | Bought the Precepts of the Salamander and Distance for 624
                  | gold pieces
 22708 | Lair:4   | Learned a level 7 spell: Malign Gateway
 23135 | Lair:5   | Reached skill level 13 in Dodging
 24962 | Lair:5   | Reached skill level 10 in Translocations
 25014 | Lair:5   | Identified the staff "Hyinesust" {rPois rC++ Str+2 Dex-4
                  | Fire Alchemy}
 25108 | Lair:5   | Identified the +3 chain mail of Solemn Life {rF+}
 25730 | Orc:1    | Entered Level 1 of the Orcish Mines
 26234 | Orc:2    | Entered Level 2 of the Orcish Mines
 29084 | Orc:2    | Found Rinefea's General Store.
 29393 | Orc:2    | Found a staircase to the Elven Halls.
 29811 | Orc:2    | Found Kuogud's Distillery.
 30297 | Orc:2    | Bought a potion of berserk rage for 60 gold pieces
 30297 | Orc:2    | Bought an amulet of reflection for 360 gold pieces
 30297 | Orc:2    | Bought a scroll of teleportation for 36 gold pieces
 30299 | Orc:2    | Bought a potion of heal wounds for 75 gold pieces
 31664 | Orc:2    | Reached skill level 14 in Dodging
 31778 | Orc:2    | Reached XP level 15. HP: 79/83 MP: 28/32
 33316 | Orc:2    | Found Waukiaw's Antique Weapon Boutique.
 33316 | Orc:2    | Found a one-way gate leading to the halls of Pandemonium.
 33316 | Orc:2    | Found Qiaryeru's Book Shop.
 33933 | D:13     | Noticed Rogih's ghost (journeyman MiFi)
 33933 | D:13     | Noticed a lich
 34130 | D:13     | Found a gate to the Vaults.
 34250 | D:13     | Found a runed translucent door.
 34276 | D:13     | Found a runed translucent door.
 36209 | D:14     | Found a white marble altar of Elyvilon.
 36209 | D:14     | Found a glowing golden altar of the Shining One.
 36209 | D:14     | Found a glowing silver altar of Zin.
 36807 | D:15     | Entered Level 15 of the Dungeon
 40078 | D:15     | Reached skill level 15 in Dodging
 40974 | D:15     | Found a staircase to the Depths.
 41227 | Snake:1  | Entered Level 1 of the Snake Pit
 41369 | Snake:1  | Identified the serpent talisman of Defiance {Str+3 SInv}
 41369 | Snake:1  | Noticed Aizul
 41379 | Snake:1  | Killed Aizul
 41380 | Snake:1  | Reached XP level 16. HP: 23/88 MP: 19/33
 41766 | Snake:1  | Reached skill level 15 in Translocations
 44956 | Snake:2  | Reached skill level 16 in Dodging
 46328 | Snake:2  | Reached skill level 15 in Summonings
 47375 | Snake:3  | Found a flickering gateway to a bazaar.
 47389 | Bazaar   | Entered a bazaar
 47389 | Bazaar   | Found Yqimume's Jewellery Boutique.
 47389 | Bazaar   | Found Pyrchuc's Armour Shop.
 47389 | Bazaar   | Found Eqist's General Store.
 47389 | Bazaar   | Found Rynixtef's Weapon Boutique.
 47420 | Bazaar   | Bought a scroll of fog for 56 gold pieces
 47420 | Bazaar   | Bought a wand of roots (6) for 201 gold pieces
 47420 | Bazaar   | Bought a potion of heal wounds for 70 gold pieces
 47420 | Bazaar   | Bought 2 potions of magic for 224 gold pieces
 47426 | Bazaar   | Bought a ring of poison resistance for 200 gold pieces
 47426 | Bazaar   | Bought the ring of Thoughtfulness {rF+ Will+ Str+5} for 495
                  | gold pieces
 47528 | Snake:3  | Found Paat's Book Emporium.
 48605 | Snake:3  | Noticed Jorgrun
 48791 | Snake:3  | Killed Jorgrun
 48792 | Snake:3  | Reached skill level 17 in Dodging
 49214 | Snake:4  | Entered Level 4 of the Snake Pit
 49899 | Snake:4  | Reached XP level 17. HP: 75/96 MP: 30/34
 50663 | Snake:4  | Noticed a quicksilver dragon
 51395 | Snake:4  | Killed a quicksilver dragon
 52236 | Snake:4  | Got a serpentine rune of Zot
 52442 | Lair:3   | Killed lucidstorm14's ghost
 53036 | D:6      | Killed IdlyInterested's ghost
 53202 | D:8      | Killed Azoth's ghost
 53773 | D:13     | Killed a lich
 53774 | D:13     | Reached skill level 18 in Dodging
 53783 | D:13     | Killed Rogih's ghost
 54697 | D:11     | Bought a book of Spatial Translocations for 216 gold pieces
 54700 | D:11     | Learned a level 2 spell: Blink
 54830 | Shoals:1 | Entered Level 1 of the Shoals
 55626 | Shoals:1 | Identified the +4 hand axe of the Seeker {heavy, *Noise
                  | rElec rC+ Str+2}
 55638 | Shoals:1 | Noticed a kraken
 56036 | Shoals:1 | Killed a kraken
 57516 | Shoals:2 | Reached skill level 15 in Fighting
 57980 | Shoals:2 | HP: 2/99 [faun/sling bullet[a satyr] (18)]
 58259 | Shoals:2 | Identified the +10 spear of Ruext {flame, rElec rF- Will+
                  | Str+3}
 58499 | Shoals:2 | Noticed Mlioglotl
 58509 | Shoals:2 | Killed Mlioglotl
 58510 | Shoals:2 | Reached skill level 19 in Dodging
 60127 | Shoals:2 | Noticed a kraken
 60140 | Shoals:2 | Killed a kraken
 61070 | Shoals:3 | Reached XP level 18. HP: 60/104 MP: 21/37
 61072 | Shoals:3 | Noticed Polyphemus
 61082 | Shoals:3 | Slain by Polyphemus
 61082 | Shoals:3 | Lost a life (1 life remaining)
 61096 | Shoals:3 | Killed Polyphemus
 62375 | Shoals:3 | Killed from afar by a water nymph
 62375 | Shoals:3 | Lost a life (0 lives remaining)
 63431 | Shoals:4 | Entered Level 4 of the Shoals
 63989 | Shoals:4 | Reached skill level 15 in Spellcasting
 64901 | Shoals:4 | Identified the ring of Moderation {Wiz rF++ Dex+3}
 64990 | Shoals:4 | Identified the +3 sling "Worm" {flame, rPois MP+9 Int-2}
 65342 | Shoals:4 | HP: 4/104 [merfolk impaler/+1 trident of freezing (2)]
 66168 | Shoals:4 | Mangled by a merfolk impaler

Illustrated notes

Levels and vault maps discovered:
D:1:      mushboom_english_gardens, layout_rooms, serial_curves, eino_curves_03,
          eino_curves_01, eino_curves_01, nrook_mini_vaults
D:2:      layout_basic, serial_shops, nicolae_shop_bloodbath_and_beyond,
          chequers_arboretum
D:3:      layout_rooms, hellmonk_sif_muna_bookshelves, hangedman_feature_mirror
D:4:      layout_rooms, ebering_ghost_disaster_area, uniq_eustachio,
          uniq_grinder, uniq_natasha
D:5:      layout_rooms, nicolae_overflow_hallway_of_the_gods,
          minmay_temple_entry_mist, ebering_ghost_sewer_d,
          hangedman_abyss_or_decor_lesser_grid
D:6:      layout_basic, lemuel_doored_altar, gammafunk_ghost_arena
D:7:      layout_cave_pods, grunt_qazlal_clouds, grunt_ministairs_6,
          kb_lookout_dungeons_type, minmay_misc_feat_pillars,
          hangedman_feature_mirror, kennysheep_generic_room_5
D:8:      layout_loops_corners, ebering_ghost_funeral_grove, solitary_fountain,
          minmay_gold_behind_fungi, eino_jars
D:9:      layout_loops_cross
D:10:     layout_rooms, mainiacjoe_overflow_concentric_impassable,
          nemelex_altar_shiori, dpeg_lair_monsters, nicolae_benzene_ring,
          uniq_josephine
D:11:     layout_basic, erik_orc_4
D:12:     layout_gridville, nicolae_trove_entry_free_sample
D:13:     layout_loops_cross, hellmonk_vaults_order_and_chaos,
          muffindrake_ghost_dual_entry
D:14:     layout_irregular_city, good_gods_mini_temple
D:15:     grunt_enter_depths_magical_seal, layout_cave_pods,
          dreamdust_princess_corridor
Temple:   nicolae_temple_ecumenical_triangle
Lair:1:   minmay_lair_oklob_chamber, layout_gridlike
Lair:2:   layout_gridlike, uniq_urug, uniq_prince_ribbit2
Lair:3:   layout_regular_city, minmay_shoals_entry_beasts,
          alex1729_snake_entry_snake, hellmonk_ghost_happy_afterlife,
          serial_bayou_shore_a
Lair:4:   layout_gridlike, slime_entry_1, uniq_rupert
Lair:5:   grunt_lair_end_beastmaster, layout_regular_city,
          ebering_ghost_rock_garden, kilobyte_rumbling_trees, grunt_megastairs_5
Shoals:1: layout_shoals
Shoals:2: layout_shoals, nicolae_shoals_lost_giant_temple,
          nicolae_shoals_nautilus_by_nature, uniq_mlioglotl
Shoals:3: nicolae_shoals_deep_elves_summer_vacation, layout_shoals,
          uniq_polyphemus
Shoals:4: shoals_end_grunt_ice, layout_shoals
Snake:1:  layout_onion_interference, nicolae_snake_gridmaze_spiral, uniq_aizul
Snake:2:  nicolae_snake_nest, layout_concentric_octagons,
          nicolae_snake_mages_go_home
Snake:3:  layout_onion, serial_shops, bzr_entry_road, shop, grunt_megastairs_2,
          uniq_jorgrun
Snake:4:  hellmonk_snake_rune_quicksilver_temple, layout_layer_cave,
          lemuel_fruit_tree
Orc:1:    layout_diamond_mine
Orc:2:    pf_orc_diabolical, layout_diamond_mine

Skill      XL: |  1  2  3  4  5  6  7  8  9 10 11 12 13 14 15 16 17 18 |
---------------+-------------------------------------------------------+-----
Stealth        | 3 4 5 6 7 8 9 10 | 10.0
Dodging        | 3 4 5 6 7 8 10 11 12 14 15 17 19 | 19.0
Spellcasting   | 3 4 5 6 8 10 11 12 14 15 | 15.6
Summonings     | 5 6 7 8 10 11 12 14 15 16 | 16.6
Fire Magic     | 1 4 5 |  5.0
Air Magic      | 1 4 6 7 |  7.0
Fighting       | 3 6 9 10 11 12 13 15 | 15.0
Translocations | 6 11 14 16 | 16.0

Action                     |  1- 3 |  4- 6 |  7- 9 | 10-12 | 13-15 | 16-18 || total
---------------------------+-------+-------+-------+-------+-------+-------++-------
  Melee: Unarmed           |    47 |    33 |    39 |    76 |    82 |    25 ||   302
         Bite              |     2 |    13 |     2 |    16 |    19 |     4 ||    56
         Punch             |     1 |       |     1 |     1 |       |     1 ||     4
   Cast: Summon Small Mamm |    25 |    20 |    22 |    18 |    33 |     2 ||   120
         Call Imp          |    11 |    16 |    13 |     8 |    20 |     4 ||    72
         Call Canine Famil |     1 |     8 |    17 |    18 |    31 |    13 ||    88
         Summon Blazeheart |       |     2 |    26 |    79 |    74 |    86 ||   267
         Summon Lightning  |       |       |    19 |    53 |    90 |    96 ||   258
         Summon Forest     |       |       |       |       |    74 |    37 ||   111
         Malign Gateway    |       |       |       |       |    33 |   105 ||   138
 Invoke: Call Merchant     |       |       |       |       |     2 |     1 ||     3
         Potion Petition   |       |       |       |       |       |     1 ||     1
  Evoke: Wand              |       |       |       |     4 |    10 |    12 ||    26
         Lightning rod     |       |       |       |       |       |     1 ||     1
    Use: Scroll            |       |       |    12 |    13 |     7 |    12 ||    44
         Potion            |       |       |       |     2 |     3 |     9 ||    14
   Stab: Sleeping          |     6 |     2 |     1 |     4 |     1 |     1 ||    15
         Distracted        |       |     1 |       |       |     3 |     2 ||     6
         Paralysed         |       |       |       |       |     1 |       ||     1
 Armour: Skin              |    14 |    27 |    50 |    78 |    91 |   162 ||   422
  Dodge: Dodged            |    45 |    34 |   142 |   245 |   333 |   365 ||  1164
  Block: Other             |       |       |       |       |     8 |    69 ||    77
         Reflection        |       |       |       |       |     1 |    17 ||    18

Table legend: (Time is in decaauts)
 A = Elapsed time spent in this place.
 B = Non-inter-level travel time spent in this place.
 C = Inter-level travel time spent in this place.
 D = Time resting spent in this place.
 E = Time spent auto-exploring this place.
 F = Levels seen in this place.
 G = Mean time per level.
                   A        B        C        D        E       F      G
               +--------+--------+--------+--------+--------+-----+--------+
         Total |  66807 |  63565 |   3242 |  28220 |  22201 |  32 | 2087.7 |
       Dungeon |  25154 |  23355 |   1799 |   9052 |  10077 |  15 | 1676.9 |
        Temple |     10 |      5 |      5 |      0 |      0 |   1 |   10.0 |
          Lair |  10911 |  10036 |    875 |   2778 |   5187 |   5 | 2182.2 |
        Shoals |  11887 |  11622 |    265 |   5428 |   3003 |   4 | 2971.8 |
     Snake Pit |  11110 |  10911 |    199 |   5489 |   3123 |   4 | 2777.5 |
  Orcish Mines |   7689 |   7592 |     97 |   5473 |    810 |   2 | 3844.5 |
        Bazaar |     42 |     42 |      0 |      0 |      0 |   1 |   42.0 |
               +--------+--------+--------+--------+--------+-----+--------+

Top non-repeatable levels by time:
   Orc:2: 6622 daAuts
Shoals:2: 4587 daAuts
  Lair:5: 3624 daAuts
 Snake:2: 3597 daAuts
    D:15: 3481 daAuts
    D:14: 3228 daAuts
    D:10: 2800 daAuts
  Lair:4: 2688 daAuts
Shoals:1: 2665 daAuts
 Snake:4: 2544 daAuts
 Snake:1: 2542 daAuts
 Snake:3: 2425 daAuts
Shoals:3: 2410 daAuts
  Lair:3: 2346 daAuts
Shoals:4: 2225 daAuts
